General information
- name: BNet
- type: Ladder team game (AT/RT)
- host: Battle.net
- saver: mappoolressucks
map: FullScaleAssault
- players: 8
- length: 50:28
- speed: Fast
- version: 1.26 W3XP
- replay type: Public
» download(357 KB)
Players
team 1 (loser)

»
BocaNooB (
red | 56 APM | 2746 actions | 49:26)
6 Death Knight
3 Death Coil
1 Unholy Aura
1 Death Pact
1 Animate Dead
4 Lich
2 Frost Nova
2 Frost Armor
» actions
| Assign group hotkey | 41 | |
| Basic commands | 1 | |
| Build / train | 105 | |
| Enter build submenu | 23 | |
| Enter hero's abilities submenu | 10 | |
| Give item / drop item | 7 | |
| Right click | 1012 | |
| Select / deselect | 372 | |
| Select group hotkey | 1035 | |
| Use ability | 140 | |
2746 total
» units
| Acolyte | 23 | |
| Ghoul | 6 | |
| Crypt Fiend | 7 | |
| Frost Wyrm | 10 | |
| Blue Dragon | 4 | |
50 total
» upgrades
| Creature Attack | 3 | |
| Web | 1 | |
| Creature Carapace | 3 | |
| Freezing Breath | 1 | |
8 total
» buildings
| Graveyard | 1 | |
| Crypt | 1 | |
| Altar of Darkness | 1 | |
| Ziggurat | 10 | |
| Tomb of Relics | 2 | |
| Nerubian Tower | 1 | |
| Necropolis | 1 | |
| Halls of the Dead | 1 | |
| Spirit Tower | 4 | |
| Black Citadel | 1 | |
| Sacrificial Pit | 1 | |
| Boneyard | 2 | |
26 total
» build order
00:24 Graveyard
00:31 Crypt
00:45 Altar of Darkness
01:02 Ziggurat
01:19 Tomb of Relics
02:02 Ziggurat
03:40 Nerubian Tower
04:01 Ziggurat
05:02 Necropolis
05:40 Halls of the Dead
06:42 Spirit Tower
06:50 Ziggurat
07:23 Ziggurat
07:48 Spirit Tower
08:03 Black Citadel
09:19 Spirit Tower
09:22 Ziggurat
09:49 Sacrificial Pit
10:31 Spirit Tower
10:43 Boneyard
10:49 Boneyard
11:03 Tomb of Relics
12:26 Ziggurat
22:37 Ziggurat
22:39 Ziggurat
22:42 Ziggurat
» items
| Rod of Necromancy | 1 | |
| Dust of Appearance | 3 | |
| Potion of Healing | 5 | |
| Scroll of Town Portal | 9 | |
| Potion of Lesser Invulnerability | 3 | |
| Orb of Corruption | 1 | |
| Scroll of Healing | 1 | |
23 total

»
General_Tso (
orange | 112 APM | 5654 actions | 50:28)
7 Death Knight
3 Death Coil
3 Unholy Aura
1 Animate Dead
4 Lich
2 Frost Nova
2 Frost Armor
4 Crypt Lord
2 Impale
2 Spiked Carapace
» actions
| Assign group hotkey | 55 | |
| Basic commands | 90 | |
| Build / train | 102 | |
| Enter build submenu | 34 | |
| Enter hero's abilities submenu | 16 | |
| Give item / drop item | 11 | |
| Remove unit from queue | 1 | |
| Right click | 1612 | |
| Select / deselect | 1212 | |
| Select group hotkey | 2372 | |
| Use ability | 149 | |
5654 total
» units
| Acolyte | 8 | |
| Ghoul | 2 | |
| Crypt Fiend | 9 | |
| Goblin Shredder | 1 | |
| Frost Wyrm | 11 | |
31 total
» upgrades
| Web | 1 | |
| Creature Attack | 3 | |
| Creature Carapace | 3 | |
| Freezing Breath | 1 | |
| Burrow | 0 | |
8 total
» buildings
| Crypt | 1 | |
| Graveyard | 1 | |
| Ziggurat | 8 | |
| Altar of Darkness | 2 | |
| Tomb of Relics | 2 | |
| Halls of the Dead | 1 | |
| Necropolis | 1 | |
| Black Citadel | 2 | |
| Spirit Tower | 5 | |
| Nerubian Tower | 2 | |
| Sacrificial Pit | 2 | |
| Boneyard | 4 | |
| Temple of the Damned | 1 | |
| Slaughterhouse | 1 | |
33 total
» build order
00:09 Crypt
00:24 Graveyard
00:39 Ziggurat
00:58 Altar of Darkness
01:01 Altar of Darkness
01:33 Tomb of Relics
01:39 Tomb of Relics
02:35 Ziggurat
04:14 Halls of the Dead
05:11 Necropolis
08:19 Black Citadel
08:19 Black Citadel
09:07 Ziggurat
09:10 Ziggurat
09:30 Ziggurat
09:44 Ziggurat
09:46 Spirit Tower
09:46 Spirit Tower
10:24 Spirit Tower
10:25 Spirit Tower
10:26 Nerubian Tower
11:10 Sacrificial Pit
11:14 Sacrificial Pit
11:20 Nerubian Tower
12:35 Boneyard
12:38 Boneyard
14:03 Boneyard
14:54 Boneyard
16:04 Ziggurat
16:04 Ziggurat
17:47 Spirit Tower
26:48 Temple of the Damned
27:22 Slaughterhouse
» items
| Rod of Necromancy | 1 | |
| Boots of Speed | 3 | |
| Potion of Lesser Invulnerability | 1 | |
| Scroll of Town Portal | 8 | |
| Potion of Mana | 3 | |
| Scroll of Healing | 2 | |
| Orb of Corruption | 2 | |
| Potion of Healing | 2 | |
| Staff of Teleportation | 1 | |
| Dust of Appearance | 3 | |
26 total
mappoolressucks (
purple | 88 APM | 4441 actions | 50:28)
10 Archmage
3 Summon Water Elemental
3 Brilliance Aura
1 Mass Teleport
3 Blizzard
» actions
| Assign group hotkey | 163 | |
| Basic commands | 244 | |
| Build / train | 159 | |
| ESC pressed | 1 | |
| Enter build submenu | 52 | |
| Enter hero's abilities submenu | 11 | |
| Give item / drop item | 13 | |
| Remove unit from queue | 1 | |
| Right click | 1585 | |
| Select / deselect | 469 | |
| Select group hotkey | 1391 | |
| Use ability | 352 | |
4441 total
» units
| Peasant | 16 | |
| Footman | 7 | |
| Goblin Shredder | 6 | |
| Dragonhawk Rider | 9 | |
| Goblin Zeppelin | 4 | |
| Gryphon Rider | 5 | |
47 total
» upgrades
| Masonry | 3 | |
| Swords | 3 | |
| Armor | 3 | |
| Lumber Harvesting | 2 | |
| Cloud | 1 | |
| Animal War Training | 1 | |
| Storm Hammers | 1 | |
| Long Rifles | 1 | |
| Defend | 1 | |
| Plating | 2 | |
| Gunpowder | 2 | |
| Backpack | 1 | |
21 total
» buildings
| Barracks | 1 | |
| Altar of Kings | 1 | |
| Farm | 11 | |
| Arcane Vault | 1 | |
| Town Hall | 3 | |
| Scout Tower | 39 | |
| Lumber Mill | 1 | |
| Arcane Tower | 8 | |
| Guard Tower | 32 | |
| Keep | 4 | |
| Blacksmith | 1 | |
| Castle | 5 | |
| Gryphon Aviary | 5 | |
112 total
» build order
00:36 Barracks
00:38 Altar of Kings
00:51 Farm
01:07 Farm
01:33 Farm
01:57 Farm
02:14 Arcane Vault
03:58 Town Hall
04:00 Scout Tower
04:03 Scout Tower
04:05 Scout Tower
04:06 Scout Tower
04:14 Scout Tower
04:21 Lumber Mill
04:49 Arcane Tower
04:49 Arcane Tower
04:49 Arcane Tower
04:51 Arcane Tower
04:51 Arcane Tower
04:52 Arcane Tower
05:41 Guard Tower
06:01 Keep
06:01 Keep
06:01 Keep
07:03 Guard Tower
07:03 Guard Tower
07:07 Blacksmith
07:37 Scout Tower
07:54 Scout Tower
07:54 Scout Tower
07:55 Scout Tower
07:57 Scout Tower
08:33 Guard Tower
08:33 Guard Tower
08:34 Castle
08:34 Castle
08:35 Castle
08:37 Gryphon Aviary
08:38 Gryphon Aviary
08:44 Guard Tower
08:45 Guard Tower
09:46 Farm
12:35 Town Hall
12:38 Scout Tower
12:39 Scout Tower
12:39 Scout Tower
12:41 Scout Tower
12:44 Scout Tower
12:46 Scout Tower
12:47 Scout Tower
12:49 Scout Tower
12:51 Scout Tower
12:53 Scout Tower
12:54 Scout Tower
13:17 Guard Tower
13:20 Guard Tower
13:21 Guard Tower
13:21 Guard Tower
13:38 Farm
13:39 Farm
13:42 Farm
13:53 Guard Tower
17:01 Scout Tower
17:01 Scout Tower
17:03 Scout Tower
17:04 Scout Tower
17:05 Scout Tower
17:06 Scout Tower
17:09 Scout Tower
17:12 Scout Tower
17:14 Scout Tower
17:15 Scout Tower
17:44 Guard Tower
17:44 Guard Tower
17:44 Guard Tower
17:54 Guard Tower
18:08 Guard Tower
18:09 Guard Tower
18:09 Guard Tower
18:20 Guard Tower
18:20 Guard Tower
20:04 Guard Tower
23:50 Gryphon Aviary
23:52 Gryphon Aviary
23:56 Gryphon Aviary
26:34 Farm
26:35 Farm
26:36 Farm
31:13 Town Hall
31:15 Scout Tower
31:15 Scout Tower
31:16 Scout Tower
31:17 Scout Tower
31:18 Scout Tower
31:18 Scout Tower
31:19 Scout Tower
31:20 Scout Tower
32:23 Guard Tower
32:23 Guard Tower
32:23 Guard Tower
32:24 Guard Tower
» items
| Mechanical Critter | 3 | |
| Periapt of Vitality | 1 | |
| Staff of Teleportation | 1 | |
| Scroll of Town Portal | 2 | |
| Scroll of Regeneration | 5 | |
| Staff of Sanctuary | 1 | |
13 total
LISANEEDSBRACES (
pink | 47 APM | 2362 actions | 50:28)
1 Paladin
1 Holy Light
4 Mountain King
2 Storm Bolt
2 Bash
» actions
| Assign group hotkey | 35 | |
| Basic commands | 191 | |
| Build / train | 119 | |
| Enter build submenu | 26 | |
| Enter hero's abilities submenu | 5 | |
| Right click | 800 | |
| Select / deselect | 369 | |
| Select group hotkey | 653 | |
| Use ability | 163 | |
2362 total
» units
| Peasant | 12 | |
| Goblin Shredder | 2 | |
| Siege Engine | 6 | |
| Goblin Zeppelin | 2 | |
| Flying Machine | 27 | |
| Goblin Sapper | 6 | |
55 total
» upgrades
| Masonry | 3 | |
| Lumber Harvesting | 1 | |
| Gunpowder | 3 | |
| Plating | 3 | |
| Barrage | 1 | |
| Flying Machine Bombs | 1 | |
| Flak Cannons | 1 | |
| Flare | 1 | |
| Fragmentation Shards | 1 | |
15 total
» buildings
| Altar of Kings | 1 | |
| Farm | 14 | |
| Keep | 3 | |
| Scout Tower | 24 | |
| Lumber Mill | 2 | |
| Arcane Tower | 2 | |
| Arcane Vault | 1 | |
| Guard Tower | 17 | |
| Castle | 3 | |
| Blacksmith | 2 | |
| Workshop | 4 | |
| Town Hall | 1 | |
74 total
» build order
00:31 Altar of Kings
00:40 Farm
02:12 Keep
02:16 Farm
02:18 Scout Tower
02:47 Lumber Mill
02:48 Arcane Tower
02:50 Arcane Vault
03:11 Scout Tower
03:13 Scout Tower
03:13 Scout Tower
04:50 Guard Tower
04:58 Lumber Mill
05:16 Farm
06:50 Castle
07:00 Guard Tower
08:25 Blacksmith
08:35 Blacksmith
09:45 Workshop
09:51 Workshop
11:02 Farm
11:02 Farm
11:04 Farm
12:01 Farm
12:01 Farm
23:55 Town Hall
23:57 Scout Tower
23:58 Scout Tower
23:58 Scout Tower
23:59 Scout Tower
23:59 Scout Tower
23:59 Scout Tower
24:00 Scout Tower
24:00 Scout Tower
24:00 Scout Tower
24:01 Scout Tower
24:01 Scout Tower
24:29 Guard Tower
24:30 Guard Tower
24:59 Guard Tower
25:23 Scout Tower
25:23 Scout Tower
25:24 Scout Tower
25:24 Scout Tower
25:25 Scout Tower
25:26 Guard Tower
25:57 Guard Tower
25:57 Guard Tower
25:57 Guard Tower
26:00 Scout Tower
26:00 Scout Tower
26:01 Scout Tower
26:01 Scout Tower
26:30 Guard Tower
26:31 Guard Tower
26:49 Guard Tower
26:49 Guard Tower
28:15 Guard Tower
28:26 Workshop
28:29 Workshop
29:15 Keep
29:40 Farm
29:40 Farm
29:41 Farm
29:41 Farm
34:27 Castle
34:27 Castle
34:40 Farm
34:40 Farm
» items
| Ivory Tower | 4 | |
| Scroll of Town Portal | 2 | |
| Boots of Speed | 1 | |
| Potion of Lesser Invulnerability | 1 | |
| Potion of Invisibility | 3 | |
| Staff of Teleportation | 1 | |
12 total
team 2 (winner)

»
SiLeNt_AsSaSin (
green | 48 APM | 2239 actions | 46:12)
7 Priestess of the Moon
2 Searing Arrows
3 Trueshot Aura
2 Starfall
» actions
| Basic commands | 26 | |
| Build / train | 118 | |
| Enter build submenu | 26 | |
| Enter hero's abilities submenu | 7 | |
| Give item / drop item | 5 | |
| Right click | 1016 | |
| Select / deselect | 933 | |
| Use ability | 107 | |
2239 total
» units
| Wisp | 28 | |
| Archer | 28 | |
| Hippogryph | 20 | |
| Glaive Thrower | 9 | |
85 total
» upgrades
| Strength of the Moon | 3 | |
| Improved Bows | 1 | |
| Moon Armor | 3 | |
| Hippogryph Taming | 1 | |
| Nature's Blessing | 1 | |
| Marksmanship | 1 | |
| Vorpal Blades | 1 | |
| Strength of the Wild | 2 | |
| Reinforced Hides | 1 | |
14 total
» buildings
| Moon Well | 11 | |
| Altar of Elders | 2 | |
| Ancient of War | 5 | |
| Hunter's Hall | 1 | |
| Tree of Ages | 1 | |
| Tree of Life | 1 | |
| Ancient of Wonders | 1 | |
| Ancient of Wind | 2 | |
| Tree of Eternity | 1 | |
| Ancient Protector | 1 | |
26 total
» build order
00:09 Moon Well
00:10 Altar of Elders
00:16 Altar of Elders
01:16 Ancient of War
01:34 Moon Well
01:56 Ancient of War
02:50 Hunter's Hall
03:37 Tree of Ages
04:05 Tree of Life
04:50 Moon Well
05:29 Ancient of Wonders
05:45 Moon Well
06:16 Ancient of Wind
06:19 Ancient of Wind
10:26 Tree of Eternity
11:00 Moon Well
11:06 Moon Well
11:53 Moon Well
13:25 Moon Well
16:16 Ancient Protector
17:22 Ancient of War
17:24 Ancient of War
19:47 Ancient of War
31:04 Moon Well
31:05 Moon Well
31:27 Moon Well
» items
| Potion of Healing | 2 | |
| Orb of Venom | 1 | |
| Scroll of Town Portal | 3 | |
| Lesser Clarity Potion | 2 | |
| Potion of Mana | 1 | |
9 total

»
RunForTheFUN (
teal | 37 APM | 1304 actions | 35:23)
8 Tauren Chieftain
3 War Stomp
3 Endurance Aura
1 Reincarnation
1 Shockwave
» actions
| Basic commands | 43 | |
| Build / train | 110 | |
| Enter build submenu | 29 | |
| Enter hero's abilities submenu | 7 | |
| Give item / drop item | 2 | |
| Remove unit from queue | 4 | |
| Right click | 562 | |
| Select / deselect | 459 | |
| Use ability | 88 | |
1304 total
» units
| Peon | 30 | |
| Troll Headhunter/Berserker | 4 | |
| Shaman | 13 | |
| Wind Rider | 12 | |
| Goblin Zeppelin | 1 | |
| Raider | 9 | |
| Goblin Sapper | 4 | |
73 total
» upgrades
| Shaman Training | 2 | |
| Ranged Weapons | 3 | |
| Armor | 3 | |
| Spiked Barricades | 2 | |
| Envenomed Spears | 1 | |
| Reinforced Defenses | 1 | |
| Witch Doctor Training | 1 | |
| Ensnare | 1 | |
14 total
» buildings
| Orc Burrow | 9 | |
| War Mill | 1 | |
| Altar of Storms | 1 | |
| Barracks | 1 | |
| Voodoo Lounge | 1 | |
| Stronghold | 1 | |
| Beastiary | 3 | |
| Spirit Lodge | 2 | |
| Great Hall | 3 | |
| Watch Tower | 5 | |
| Fortress | 1 | |
28 total
» build order
00:22 Orc Burrow
00:39 War Mill
00:57 Altar of Storms
01:34 Barracks
02:33 Orc Burrow
02:38 Orc Burrow
02:43 Voodoo Lounge
02:48 Orc Burrow
03:39 Stronghold
06:14 Beastiary
06:23 Beastiary
06:25 Spirit Lodge
06:31 Spirit Lodge
06:34 Beastiary
06:47 Great Hall
06:50 Orc Burrow
07:01 Watch Tower
07:24 Watch Tower
07:53 Watch Tower
08:35 Watch Tower
09:20 Fortress
10:28 Watch Tower
12:01 Orc Burrow
13:05 Orc Burrow
15:19 Great Hall
15:22 Orc Burrow
17:01 Orc Burrow
26:46 Great Hall
» items
| Healing Salve | 1 | |
| Lesser Clarity Potion | 1 | |
| Scroll of Town Portal | 5 | |
| Periapt of Vitality | 2 | |
| Staff of Teleportation | 1 | |
10 total
TheWhiteNinja (
yellow | 29 APM | 1479 actions | 50:28)
4 Blademaster
2 Wind Walk
2 Critical Strike
» actions
| Assign group hotkey | 24 | |
| Basic commands | 126 | |
| Build / train | 51 | |
| ESC pressed | 6 | |
| Enter build submenu | 18 | |
| Enter hero's abilities submenu | 4 | |
| Give item / drop item | 1 | |
| Right click | 552 | |
| Select / deselect | 350 | |
| Select group hotkey | 276 | |
| Use ability | 70 | |
1479 total
» units
» upgrades
| Ranged Weapons | 3 | |
| Armor | 2 | |
| Envenomed Spears | 1 | |
| Ensnare | 1 | |
| Melee Weapons | 2 | |
| Pillage | 1 | |
10 total
» buildings
| Altar of Storms | 1 | |
| Orc Burrow | 7 | |
| Voodoo Lounge | 1 | |
| Stronghold | 2 | |
| War Mill | 1 | |
| Beastiary | 3 | |
| Fortress | 1 | |
| Great Hall | 2 | |
| Watch Tower | 3 | |
21 total
» build order
00:04 Altar of Storms
00:11 Orc Burrow
00:42 Voodoo Lounge
02:37 Stronghold
02:37 Stronghold
03:38 War Mill
03:38 Orc Burrow
04:27 Orc Burrow
04:28 Orc Burrow
05:01 Beastiary
05:01 Beastiary
07:19 Fortress
10:41 Orc Burrow
10:41 Orc Burrow
10:41 Orc Burrow
11:35 Great Hall
11:43 Beastiary
14:07 Great Hall
14:47 Watch Tower
14:47 Watch Tower
14:48 Watch Tower
» items
| Healing Salve | 3 | |
| Lesser Clarity Potion | 2 | |
| Boots of Speed | 1 | |
| Orb of Lightning | 1 | |
7 total
GutEatinScalper (
blue | 54 APM | 2734 actions | 50:28)
10 Blademaster
3 Wind Walk
3 Critical Strike
1 Bladestorm
3 Mirror Image
» actions
| Assign group hotkey | 29 | |
| Basic commands | 126 | |
| Build / train | 92 | |
| Enter build submenu | 86 | |
| Enter hero's abilities submenu | 10 | |
| Give item / drop item | 16 | |
| Remove unit from queue | 4 | |
| Right click | 1080 | |
| Select / deselect | 522 | |
| Select group hotkey | 468 | |
| Use ability | 301 | |
2734 total
» units
| Peon | 13 | |
| Grunt | 8 | |
| Goblin Shredder | 2 | |
| Goblin Zeppelin | 6 | |
| Goblin Sapper | 2 | |
| Blue Dragon | 6 | |
| Troll Batrider | 6 | |
43 total
» upgrades
| Reinforced Defenses | 1 | |
| Burning Oil | 1 | |
| Troll Regeneration | 1 | |
| Ranged Weapons | 3 | |
| Armor | 3 | |
| Envenomed Spears | 1 | |
| Liquid Fire | 1 | |
| Ensnare | 1 | |
12 total
» buildings
| Orc Burrow | 8 | |
| Altar of Storms | 1 | |
| Barracks | 1 | |
| Voodoo Lounge | 5 | |
| Stronghold | 1 | |
| War Mill | 2 | |
| Great Hall | 6 | |
| Watch Tower | 86 | |
| Fortress | 1 | |
| Beastiary | 6 | |
117 total
» build order
00:12 Orc Burrow
00:36 Orc Burrow
00:54 Altar of Storms
01:05 Barracks
01:41 Voodoo Lounge
02:50 Stronghold
03:55 War Mill
04:10 Orc Burrow
05:04 Great Hall
05:59 Watch Tower
06:00 Watch Tower
06:01 Watch Tower
06:02 Watch Tower
07:09 Fortress
07:38 Orc Burrow
08:23 Watch Tower
08:23 Watch Tower
08:24 Watch Tower
08:25 Watch Tower
08:26 Watch Tower
08:28 Watch Tower
08:37 Watch Tower
08:39 Watch Tower
08:40 Watch Tower
08:41 Watch Tower
08:42 Watch Tower
08:43 Watch Tower
08:44 Watch Tower
11:00 Great Hall
11:03 Watch Tower
11:03 Watch Tower
11:04 Watch Tower
11:06 Watch Tower
11:07 Watch Tower
11:07 Watch Tower
11:08 Watch Tower
11:09 Watch Tower
11:09 Watch Tower
11:10 Watch Tower
11:11 Watch Tower
11:19 Voodoo Lounge
12:37 War Mill
14:18 Watch Tower
14:19 Watch Tower
14:20 Watch Tower
14:21 Watch Tower
14:21 Watch Tower
14:30 Watch Tower
14:31 Watch Tower
14:32 Watch Tower
14:33 Watch Tower
14:37 Watch Tower
14:43 Watch Tower
14:43 Watch Tower
14:44 Watch Tower
14:45 Watch Tower
14:48 Watch Tower
17:17 Beastiary
17:18 Beastiary
17:18 Beastiary
17:24 Beastiary
18:07 Beastiary
18:07 Beastiary
18:09 Watch Tower
18:12 Watch Tower
18:12 Watch Tower
18:15 Watch Tower
18:16 Watch Tower
18:18 Watch Tower
18:19 Watch Tower
26:43 Great Hall
26:47 Watch Tower
26:48 Watch Tower
26:48 Watch Tower
26:48 Watch Tower
26:50 Watch Tower
26:50 Watch Tower
26:50 Watch Tower
26:51 Watch Tower
26:51 Watch Tower
26:52 Watch Tower
26:52 Watch Tower
26:53 Watch Tower
26:58 Voodoo Lounge
31:55 Great Hall
31:58 Voodoo Lounge
32:00 Watch Tower
32:00 Watch Tower
32:01 Watch Tower
32:01 Watch Tower
32:03 Watch Tower
32:03 Watch Tower
32:04 Watch Tower
32:04 Watch Tower
32:06 Watch Tower
32:06 Watch Tower
32:07 Watch Tower
32:08 Watch Tower
32:22 Orc Burrow
32:24 Orc Burrow
32:26 Orc Burrow
32:31 Orc Burrow
37:11 Great Hall
37:15 Great Hall
37:20 Watch Tower
37:21 Watch Tower
37:21 Watch Tower
37:21 Watch Tower
37:24 Watch Tower
37:24 Watch Tower
37:25 Watch Tower
37:25 Watch Tower
37:26 Watch Tower
37:26 Watch Tower
37:27 Watch Tower
37:29 Voodoo Lounge
» items
| Healing Salve | 4 | |
| Scroll of Town Portal | 6 | |
| Orb of Lightning | 1 | |
| Potion of Healing | 2 | |
| Potion of Mana | 3 | |
| Lesser Clarity Potion | 3 | |
| Staff of Teleportation | 1 | |
20 total
Chat log
(00:19 / All) GutEatinScalper: same ole bobby same ole beat
(00:35 / Allies) General_Tso: purp can you take outside expo
(00:42 / Allies) mappoolressucks: Yeah
(00:44 / Allies) General_Tso: ty
(00:56 / All) LISANEEDSBRACES: DENTAL PLAN LISA NEEDS BRACES
(02:29 / All) LISANEEDSBRACES: fallout 4 gonna be goat rpg yo
(02:29 / Allies) BocaNooB: i am noob
(02:36 / All) GutEatinScalper: stop raping my minds
(02:40 / All) LISANEEDSBRACES: boston fallout here we come
(02:40 / All) GutEatinScalper: with your propaganda
(02:59 / All) LISANEEDSBRACES: cant wait to see fenway park destroyed
(03:05 / All) LISANEEDSBRACES: not sure what else boston has
(03:34 / Allies) General_Tso: repair
(03:36 / Allies) General_Tso: cancel
(03:39 / Allies) General_Tso: dont stand afk
(03:44 / Allies) mappoolressucks: noob
(03:54 / All) General_Tso: pink 100% noob
(03:58 / All) General_Tso: your prob 100% hacker
(04:05 / All) General_Tso: gg
(04:11 / All) TheWhiteNinja: lol
(05:49 / Allies) General_Tso: gonna need some wood later
(05:53 / All) LISANEEDSBRACES: go away faggot
(05:56 / All) LISANEEDSBRACES: or im gonna rape ur base
(06:23 / All) GutEatinScalper: LEAVE ME ALONE
(06:25 / All) GutEatinScalper: LEAVE ME ALONE
(06:26 / All) GutEatinScalper: RAPE
(06:39 / Allies) General_Tso: pink
(06:45 / Allies) General_Tso: have yuo ever played before?
(06:49 / Allies) mappoolressucks: Hope you're going lich red
(06:58 / Allies) LISANEEDSBRACES: hey orange, blow me u nigger
(07:08 / Allies) General_Tso: im honestly
(07:10 / Allies) General_Tso: genuinely
(07:13 / Allies) General_Tso: curious
(07:24 / Allies) LISANEEDSBRACES: im browsing while playing wc3
(07:36 / Allies) General_Tso: dont play then
(07:41 / Allies) General_Tso: wasting all of our time
(07:43 / Allies) General_Tso: your terrible
(07:48 / Allies) LISANEEDSBRACES: you're*
(08:54 / Allies) General_Tso: double blacksmith
(08:56 / Allies) General_Tso: legit
(09:10 / Allies) mappoolressucks: for upgrades
(09:11 / Allies) mappoolressucks: obviously
(09:16 / Allies) General_Tso: ofc
(09:16 / Allies) General_Tso: ofc
(09:26 / Allies) General_Tso: for when 1 isnt enough.
(10:02 / Allies) mappoolressucks: put ur claws on ur lich red
(10:16 / Allies) General_Tso: wood me
(10:25 / All) LISANEEDSBRACES: COCK
(10:26 / Allies) General_Tso: ty
(10:44 / Allies) LISANEEDSBRACES: where is yel base
(11:02 / Allies) General_Tso: if you ever leave your base
(11:05 / Allies) General_Tso: you can find out
(11:30 / Allies) BocaNooB: make aa
(11:32 / Allies) General_Tso: any spare wood
(11:39 / Allies) mappoolressucks: I got hawks
(11:41 / Allies) BocaNooB: purple
(11:44 / Allies) BocaNooB: tanks
(11:53 / Allies) General_Tso: need
(11:54 / Allies) General_Tso: badly
(12:40 / Allies) General_Tso: wood...
(12:51 / All) LISANEEDSBRACES: bitch ass yellow
(13:30 / Allies) General_Tso: coil pls
(13:39 / Allies) General_Tso: oh
(13:47 / All) GutEatinScalper: why complain about mh when you mh
(14:01 / Allies) LISANEEDSBRACES: oj u nigger
(14:09 / Allies) General_Tso: pink
(14:12 / Allies) General_Tso: have you left your base
(14:12 / Allies) General_Tso: 1 time
(14:14 / Allies) General_Tso: this whole game?
(14:18 / Allies) mappoolressucks: he hasn't law
(14:19 / Allies) mappoolressucks: l
(14:22 / Allies) General_Tso: ikr
(14:24 / Allies) General_Tso: so pls
(14:25 / Allies) General_Tso: stfu
(14:25 / Allies) LISANEEDSBRACES: no and ive still done more than u all game
(14:29 / Allies) General_Tso: no
(14:33 / Allies) BocaNooB: pink
(14:33 / Allies) General_Tso: but thats the fucking thing
(14:34 / Allies) General_Tso: no
(14:36 / Allies) General_Tso: your have not.,
(14:40 / Allies) LISANEEDSBRACES: quit ur belly aching
(14:52 / Allies) General_Tso: your dead fucking weight
(14:58 / Allies) General_Tso: i hope you know that.
(15:00 / Allies) General_Tso: thats al
(15:35 / All) mappoolressucks: nice hippo control green
(16:05 / Allies) BocaNooB: tpo now
(16:07 / All) RunForTheFUN: mh hoe
(16:23 / Allies) LISANEEDSBRACES: rp retard orange
(16:48 / Allies) General_Tso: y
(16:51 / Allies) BocaNooB: hit
(16:58 / Allies) General_Tso: massing wyrms
(17:15 / Allies) BocaNooB: come
(17:50 / Allies) General_Tso: ty
(18:03 / Allies) BocaNooB: need tp
(19:05 / Allies) General_Tso: ib
(19:06 / Allies) mappoolressucks: out
(19:29 / All) General_Tso: lul
(19:32 / Allies) BocaNooB: come on pink
(19:41 / All) General_Tso: pink
(19:42 / Allies) mappoolressucks: lol
(19:45 / All) General_Tso: has left his base
(19:47 / All) General_Tso: for 1st time
(19:50 / All) General_Tso: be warned,
(19:50 / Allies) BocaNooB: gold me purple
(19:54 / Allies) BocaNooB: puple gold
(19:57 / Allies) BocaNooB: u have 10 k
(20:02 / Allies) BocaNooB: fast
(20:08 / Allies) mappoolressucks: wtf are those peasants
(20:10 / Allies) BocaNooB: more
(20:59 / Allies) BocaNooB: we need pink tanks
(21:09 / All) LISANEEDSBRACES: green are u kidding me lawl
(21:17 / All) SiLeNt_AsSaSin: dead serious
(21:18 / Allies) BocaNooB: omg oj
(21:20 / Allies) BocaNooB: tell me
(21:23 / All) LISANEEDSBRACES: glaives in 4v4
(22:00 / Allies) General_Tso: pink
(22:01 / All) LISANEEDSBRACES: bitch ass yellow
(22:02 / Allies) General_Tso: you failed
(22:03 / Allies) mappoolressucks: About to hall noob yellow
(22:20 / Allies) BocaNooB: gold gold gold
(22:22 / All) mappoolressucks: NO BM FOR YOU YELLOW!
(22:51 / Allies) General_Tso: purp
(22:52 / Allies) General_Tso: gold
(22:59 / Allies) mappoolressucks: can't you fags learn to get your own
(23:09 / Allies) mappoolressucks: gold begging all game I swear
(23:17 / Allies) BocaNooB: stop give
(23:20 / Allies) General_Tso: first time i asked
(23:21 / Allies) BocaNooB: pink
(23:24 / Allies) General_Tso: butk
(24:02 / All) RunForTheFUN: fucking solo everyone
(24:07 / All) LISANEEDSBRACES: oh stfu
(24:08 / All) LISANEEDSBRACES: lawl
(24:12 / All) LISANEEDSBRACES: everyone is dicking around
(24:13 / All) LISANEEDSBRACES: big baby
(24:22 / All) RunForTheFUN: my point
(24:49 / All) LISANEEDSBRACES: btich ass hacker green
(24:51 / All) LISANEEDSBRACES: use glaive vs me
(24:53 / All) LISANEEDSBRACES: nigger
(25:59 / All) SiLeNt_AsSaSin: purp is the real pro with his mass dhawk
(26:09 / All) General_Tso: 13k gold too!
(26:10 / All) mappoolressucks: yeah mass hippo archer is so much harder to use
(26:15 / All) General_Tso: 13000
(26:17 / All) General_Tso: fucking
(26:19 / All) General_Tso: gold
(26:24 / All) LISANEEDSBRACES: btich teal
(26:29 / All) mappoolressucks: you can only wish you had that much, orange
(26:43 / All) LISANEEDSBRACES: im freaking pro yo
(26:47 / Allies) BocaNooB: hel
(26:49 / Allies) BocaNooB: help
(26:55 / Allies) mappoolressucks: 1 sec
(26:58 / Allies) mappoolressucks: halling green
(27:08 / All) SiLeNt_AsSaSin: cant even get a 2nd hero ur micro is so shit purp
(27:19 / All) mappoolressucks: No it's that I want level 6 as fast as possible
(27:23 / All) mappoolressucks: don't want to split xp with an AM
(27:25 / All) SiLeNt_AsSaSin: uh huh
(27:36 / All) SiLeNt_AsSaSin: tell me more of your pro ways
(27:37 / All) mappoolressucks: guess you probably don't know what mass tp even is though
(27:38 / All) RunForTheFUN: blue has 14 k no units
(27:42 / Allies) BocaNooB: shit
(27:52 / All) SiLeNt_AsSaSin: no i dont
(27:54 / All) LISANEEDSBRACES: well i raped ur boys teals hall with no units
(27:56 / All) LISANEEDSBRACES: that means im pro
(28:23 / All) RunForTheFUN: yellow and blue been afk
(29:21 / Allies) BocaNooB: i ned gold
(29:29 / Allies) mappoolressucks: you need to learn to play
(29:34 / Allies) BocaNooB: lol
(29:51 / All) LISANEEDSBRACES: i hate my team other than purple
(29:54 / All) LISANEEDSBRACES: bunch of bitches
(30:02 / All) General_Tso: class
(30:02 / All) General_Tso: a
(30:03 / All) General_Tso: noob
(30:04 / All) mappoolressucks: you turned out to be better than both orange and red
(30:04 / All) SiLeNt_AsSaSin: purples the only bitch
(30:05 / All) LISANEEDSBRACES: i hate blues team too
(30:05 / All) General_Tso: ^
(30:07 / All) mappoolressucks: They suck
(30:09 / All) SiLeNt_AsSaSin: which is ironic
(30:13 / All) LISANEEDSBRACES: green and teal are prick
(30:14 / All) General_Tso: i dont exist
(30:15 / All) LISANEEDSBRACES: try hard pricks
(30:16 / All) General_Tso: apparently.
(30:29 / All) mappoolressucks: you are 37-34 you may as well not exist
(30:44 / All) General_Tso: lol
(30:46 / All) SiLeNt_AsSaSin: lol purps a stats bitch
(30:47 / All) General_Tso: 1 more bat
(30:48 / All) mappoolressucks: Cute raiders all game teal and yellow
(30:49 / All) General_Tso: 6 wyrms
(30:52 / All) mappoolressucks: when you have beastaries and could have bats
(31:15 / Allies) LISANEEDSBRACES: lets rape green expo?
(31:30 / All) GutEatinScalper: orange mhs btw
(31:31 / Allies) mappoolressucks: k after kill last teal burrows
(31:32 / Allies) BocaNooB: oj come
(31:40 / All) LISANEEDSBRACES: proof?
(31:45 / All) LISANEEDSBRACES: OJ WTF WHY U HACK
(31:57 / Allies) mappoolressucks: Gonna heal up real fast first
(31:58 / Allies) mappoolressucks: hold on
(32:03 / Allies) mappoolressucks: wait there
(32:18 / Allies) BocaNooB: gold me purple
(32:21 / Allies) BocaNooB: i am your son
(32:27 / Allies) mappoolressucks: You're no son of mine
(32:35 / Allies) mappoolressucks: A son of mine wouldn't be so noob at RTS
(32:40 / Allies) BocaNooB: lol
(32:43 / Allies) BocaNooB: come on dad
(32:44 / All) GutEatinScalper: Red if you buy my rightful dragon
(32:49 / Allies) mappoolressucks: don't call me dad, kid
(32:49 / All) GutEatinScalper: I will destroy your whole base and army
(32:57 / Allies) BocaNooB: i ned 300 for dragon
(33:05 / All) General_Tso: Lol
(33:06 / Allies) BocaNooB: gogogo
(33:12 / Allies) BocaNooB: 200
(33:30 / Allies) General_Tso: gold for tp
(33:31 / Allies) General_Tso: atleats
(34:13 / All) LISANEEDSBRACES: got awfully quiet
(34:15 / All) LISANEEDSBRACES: green
(34:16 / Allies) BocaNooB: lol
(34:16 / All) LISANEEDSBRACES: u nigger
(34:20 / Allies) mappoolressucks: noob
(34:51 / All) SiLeNt_AsSaSin: blue clearly doesnt care about winning otherwise we would have
(35:03 / Allies) BocaNooB: tc
(35:06 / All) LISANEEDSBRACES: oh stfu purple has like 50k gold too
(35:11 / All) LISANEEDSBRACES: u lost fair and square
(35:12 / All) LISANEEDSBRACES: cry baby
(35:29 / All) SiLeNt_AsSaSin: not because of noob humans
(35:36 / All) SiLeNt_AsSaSin: ud won it for you
(35:46 / All) LISANEEDSBRACES: orange sucks ass lawl
(35:48 / Allies) BocaNooB: purpleis mad
(35:48 / All) mappoolressucks: Orange is a maphacker too
(35:51 / All) mappoolressucks: Maphacker scum
(35:53 / All) General_Tso: lol?
(36:05 / All) LISANEEDSBRACES: he hacks u dumb shit. dont credit him for hacking
(36:06 / All) General_Tso: typical game of shit noob himans
(36:32 / Allies) BocaNooB: pink
(36:36 / Allies) BocaNooB: you won this game
(36:38 / All) General_Tso: ahha
(36:58 / All) LISANEEDSBRACES: hacking tking nigger
(37:04 / All) General_Tso: ahahahaha
(37:06 / All) mappoolressucks: Orange is a mher and a tk
(37:13 / All) General_Tso: pink im so proud of you
(37:14 / All) SiLeNt_AsSaSin: tk their ass bro
(37:18 / All) mappoolressucks: I am
(37:21 / All) General_Tso: your learned
(37:22 / All) General_Tso: to move
(37:25 / All) SiLeNt_AsSaSin: them bitches aint shit
(37:28 / All) mappoolressucks: Pink is helping me kill him
(37:28 / All) General_Tso: right click!
(37:30 / All) LISANEEDSBRACES: i am no longer an apprentice
(37:34 / All) LISANEEDSBRACES: IM A JEDI MASTER
(37:37 / All) General_Tso: so fucking proud
(37:55 / All) General_Tso: gg wp all
(37:55 / All) GutEatinScalper: GET OUT
(37:58 / All) General_Tso: you win
(38:05 / Allies) BocaNooB: come on purple
(38:09 / All) mappoolressucks: Not everyone played well orange
(38:10 / Allies) BocaNooB: i dont map hack
(38:12 / All) mappoolressucks: I did, pink did, and blue did
(38:15 / All) General_Tso: cough
(38:19 / Allies) mappoolressucks: that's why I haven't killed you?
(38:19 / All) General_Tso: shit human
(38:21 / All) General_Tso: cough
(38:26 / All) mappoolressucks: Human that rapes your ass
(38:36 / All) General_Tso: mass d hawks
(38:38 / All) General_Tso: fking
(38:40 / All) General_Tso: legit
(38:42 / All) General_Tso: couldnt be better
(38:44 / All) General_Tso: solo hero
(38:47 / All) General_Tso: k
(38:48 / All) mappoolressucks: If that's so bad what does it say when it owns you?
(39:00 / Allies) BocaNooB: pink
(39:06 / All) LISANEEDSBRACES: DIE BOCA NOOB!!!!!!
(39:09 / All) LISANEEDSBRACES: ENEMY DIE
(39:12 / Allies) mappoolressucks: pink what's your reason for killing red?
(39:30 / All) LISANEEDSBRACES: hes a cunt that sided oj over me
(39:46 / Allies) BocaNooB: u mad pink?
(40:10 / All) LISANEEDSBRACES: i am never mad only joyful
(40:45 / All) SiLeNt_AsSaSin: purp just playin around with mass teleport first game hes gotten an am high enuff lvl to do it lol
(40:59 / All) LISANEEDSBRACES: GLAIVE MASSER NOOBBBB
(41:00 / All) mappoolressucks: Nah
(41:04 / All) GutEatinScalper: you're chalk full of theories aren't you
(41:06 / All) mappoolressucks: You should be able to tell I'm experienced with this spell
(41:17 / All) mappoolressucks: Most noobs just use it as a replacement for scrolls of teleport
(41:32 / Allies) BocaNooB: pink u suck
(41:43 / Allies) mappoolressucks: Pink owns you
(41:47 / All) LISANEEDSBRACES: then why am i alive while u are dead
(42:13 / All) SiLeNt_AsSaSin: cuz my teammates sucked worse than you
(42:20 / All) LISANEEDSBRACES: talking to
(42:23 / All) LISANEEDSBRACES: red
(42:23 / Allies) BocaNooB: lol
(42:27 / All) mappoolressucks: green can't even reply to the right players
(42:30 / All) SiLeNt_AsSaSin: im talking to you
(42:32 / All) mappoolressucks: he's a bit slow
(42:32 / All) BocaNooB: pink u an idiopt noob
(42:44 / All) GutEatinScalper: red noob is in your name
(42:45 / All) LISANEEDSBRACES: green irriated me this game using glaives vs tanks only an asshole does that
(42:46 / All) GutEatinScalper: it suits you
(42:53 / All) mappoolressucks: ^^^^
(43:19 / All) mappoolressucks: Alright everyone listen up
(43:32 / All) mappoolressucks: Blue, pink and I were in this together. We are going to kill every last unit including our own
(43:35 / Allies) BocaNooB: lol
(43:36 / All) mappoolressucks: You will have no way to kill the other team
(43:38 / All) LISANEEDSBRACES: im the girl
(43:42 / All) LISANEEDSBRACES: im their sister
(43:43 / All) mappoolressucks: You will have to leave your PCs on for the win
(43:49 / All) mappoolressucks: Does this sound fair?
(43:57 / All) mappoolressucks: Will you all leave your PCs on all night for us?
(44:05 / All) LISANEEDSBRACES: all units will be killed. u will be left with only zepplins at the best
(45:20 / Allies) BocaNooB: lol
(45:26 / All) mappoolressucks: Will you all stay for the standoff?
(45:53 / Allies) mappoolressucks: He can keep the shade
(45:54 / All) LISANEEDSBRACES: we'll let orange keep a shade
(46:02 / All) SiLeNt_AsSaSin: i dont care about winning im just apalled at the level of stupidity
(46:14 / All) LISANEEDSBRACES: i believe i tis
(46:17 / All) LISANEEDSBRACES: "appalled
(47:00 / All) mappoolressucks: You may keep 1 hawk
(47:02 / All) mappoolressucks: red, orange
(47:11 / All) mappoolressucks: You may also have a critter
(47:16 / Allies) BocaNooB: lo,
(47:19 / Allies) BocaNooB: stfu purple
(47:21 / All) mappoolressucks: 2 critters in fact
(47:21 / Allies) BocaNooB: we lost
(47:24 / All) LISANEEDSBRACES: kill my tank purple
(47:34 / Allies) BocaNooB: 10
(47:36 / Allies) BocaNooB: 9
(47:37 / Allies) BocaNooB: 8
(47:39 / Allies) BocaNooB: 6
(47:40 / Allies) BocaNooB: 4
(47:42 / All) LISANEEDSBRACES: red counting down to something
(48:21 / All) mappoolressucks: Alright everyone
(48:24 / All) mappoolressucks: Good luck in the standoff
(48:27 / All) LISANEEDSBRACES: wait
(48:29 / All) mappoolressucks: LET IT BEGIN, LET IT BEGIN!!!!111!!1111
(48:30 / All) LISANEEDSBRACES: i aint done yet brother
(48:31 / Allies) BocaNooB: purple
(48:42 / Allies) BocaNooB: who u think you are??
(48:49 / Allies) BocaNooB: its just 1 win or loose
(49:04 / Allies) mappoolressucks: I'm someone who just put you in a standoff
(49:06 / Allies) BocaNooB: no one is nerd like u
(49:08 / Allies) mappoolressucks: don't you feel emasculated?
(49:12 / Allies) LISANEEDSBRACES: red why are u acting like a little cunt;
(49:13 / Allies) BocaNooB: no
(49:14 / Allies) mappoolressucks: There's the gold you fuckers wanted all game
(49:16 / Allies) BocaNooB: look
(49:16 / Allies) mappoolressucks: enjoy it!!!!
(49:17 / Allies) LISANEEDSBRACES: u lost fair and square
(49:19 / Allies) LISANEEDSBRACES: or tied
(49:23 / Allies) BocaNooB: look idiot
(49:25 / Allies) mappoolressucks: Red and orange, you two could not even win 2v2
(49:34 / All) GutEatinScalper: well well
(49:37 / All) mappoolressucks: Orange vs yellow it is
(49:42 / All) mappoolressucks: Goodluck faggots
(49:42 / All) LISANEEDSBRACES: i have 2 food left
(49:44 / All) LISANEEDSBRACES: cant find them
(49:50 / Allies) mappoolressucks: 1
(49:54 / Allies) mappoolressucks: 2